 Dungeon Crawl Stone Soup version 0.23-a0-644-gb60d84b (webtiles) character file.

6161 Borgoz the Grappler (level 10, -9/88 HPs)
             Began as a Ghoul Gladiator on Jan 1, 2019.
             Was an Elder of Okawaru.
             Mangled by a great orb of eyes (11 damage)
             ... on level 8 of the Dungeon.
             The game lasted 00:15:47 (7813 turns).

Borgoz the Grappler (Ghoul Gladiator)               Turns: 7813, Time: 00:15:48

Health: -9/88      AC:  7    Str: 19    XL:     10   Next: 90%
Magic:  0/17       EV: 14    Int:  3    God:    Okawaru [****..]
Gold:   341        SH:  0    Dex: 13    Spells: 20/20 levels left

rFire    . . .     SeeInvis .     - Unarmed
rCold    + . .     Gourm    .   (no shield)
rNeg     + + +     Faith    .   e - +0 ring mail
rPois    ∞         Spirit   +   b - +0 helmet
rElec    .         Reflect  .   a - scarf {Spirit}
rCorr    .         Harm     .   (no gloves)
MR       .....                  (no boots)
Stlth    ..........             (no amulet)
HPRegen  0.00/turn              y - ring of poison resistance
MPRegen  0.15/turn              (no ring)

@: confused, rotting
A: rotting body, claws 1, carnivore, cold resistance 1, negative energy
resistance 3, inhibited regeneration, torment resistance, unbreathing
a: Heroism, Renounce Religion


You were on level 8 of the Dungeon.
You worshipped Okawaru.
Okawaru was greatly pleased with you.
You were not hungry.

You visited 2 branches of the dungeon, and saw 9 of its levels.

You collected 341 gold pieces.

Inventory:

Missiles
 c - 3 throwing nets (quivered)
Armour
 a - a scarf of spirit shield (worn)
 b - a +0 helmet (worn)
 e - a +0 ring mail (worn)
 z - a +2 pair of gloves of dexterity
Jewellery
 y - a ring of poison resistance (left claw)
Wands
 B - a wand of polymorph (6)
 E - a wand of clouds (7)
Scrolls
 f - 2 scrolls of enchant weapon {unknown}
 i - 4 scrolls of fear {unknown}
 m - 3 scrolls of remove curse {unknown}
 n - a scroll of amnesia {unknown}
 o - 4 scrolls of teleportation {unknown}
 q - a scroll of identify
 s - a scroll of immolation {unknown}
 t - a scroll of blinking {unknown}
 u - a scroll of enchant armour {unknown}
 v - a scroll of random uselessness {unknown}
 w - 2 scrolls of magic mapping {unknown}
 C - a scroll of summoning {unknown}
Potions
 g - a potion of cancellation
 h - 2 potions of flight
 j - 3 potions of resistance
 k - a potion of haste {unknown}
 l - 2 potions of might
 p - a potion of degeneration {unknown}
 r - 2 potions of agility
 x - 2 potions of mutation
 A - a potion of lignification {unknown}
 D - 2 potions of ambrosia {unknown}
 F - 3 potions of berserk rage
Comestibles
 d - 11 rations


   Skills:
 + Level 8.2 Fighting
 - Level 1.7 Throwing
 + Level 6.4 Armour
 + Level 7.1 Dodging
 + Level 8.6 Unarmed Combat
 + Level 5.9 Spellcasting


You had 20 spell levels left.
You didn't know any spells.
Your spell library contained the following spells:

 Spells                   Type           Power        Failure   Level  Hunger
 Animate Skeleton         Necr           N/A          50%         1    ##.....
 Confusing Touch          Hex            #.....       50%         1    ##.....
 Pain                     Necr           #...         50%         1    ##.....
 Shock                    Conj/Air       #...         50%         1    ##.....
 Swiftness                Chrm/Air       #.......     63%         2    ###....
 Confuse                  Hex            #.......     86%         3    ####...
 Gell's Gravitas          Tloc           #.........   86%         3    ####...
 Regeneration             Chrm/Necr      #.........   86%         3    ####...
 Static Discharge         Conj/Air       #.......     86%         3    ####...
 Vampiric Draining        Necr           #.........   86%         3    ####...
 Airstrike                Air            #.........   99%         4    #####..
 Animate Dead             Necr           N/A          99%         4    #####..
 Petrify                  Tmut/Erth      #.......     99%         4    #####..
 Lightning Bolt           Conj/Air       #.........   100%        5    ######.
 Metabolic Englaciation   Hex/Ice        #.........   100%        5    ######.
 Yara's Violent Unravell  Hex/Tmut       #.........   100%        5    ######.


Dungeon Overview and Level Annotations

Branches:
Dungeon (8/15)             Temple (1/1) D:4
   Lair: D:8-11

Altars:
Ashenzari
Cheibriados
Dithmenos
Elyvilon
Fedhas
Gozag
Hepliaklqana
Kikubaaqudgha
Makhleb
Nemelex Xobeh
Okawaru
Qazlal
Trog
Uskayaw
Vehumet
Wu Jian
Yredelemnul
The Shining One

Shops:
D:6 (


Innate Abilities, Weirdness & Mutations

Your body is rotting away.
You thrive on raw meat.
You are immune to poison.
You have sharp fingernails.
You are carnivorous and can eat meat at any time.
Your flesh is cold resistant. (rC+)
You are immune to negative energy. (rN+++)
You do not regenerate when monsters are visible.
You are immune to unholy pain and torment.
You can survive without breathing.


Message History

You scratch the great orb of eyes but do no damage.
The great orb of eyes is severely wounded.
You claw the great orb of eyes!
The great orb of eyes is severely wounded.
The great orb of eyes bites you!
* * * LOW HITPOINT WARNING * * *
You scratch the great orb of eyes but do no damage.
The great orb of eyes is severely wounded.
The great orb of eyes bites you but does no damage.
You claw the great orb of eyes!
The great orb of eyes is almost dead.
The great orb of eyes gazes at you.
You are confused.
You bump into the rock wall.
The great orb of eyes closely misses you.
Your ring mail prevents you from hitting the great orb of eyes.
Your claw misses the great orb of eyes.
The great orb of eyes is almost dead.
The great orb of eyes bites you!
You die...

###############
#.............#
#.#######.....# ###
#.##...##....[##...
######.#.....#@....#....
#......#.....'G.8..'....
#>.....#.....#.....#.!.
#......##...##.....# ..
#......##### ###†### #
#.........# #...#
###.........# #.....#
.)).........# #.....#
###.........# #.....#


You could see a great orb of eyes.

Vanquished Creatures
  Pikel (D:6)
  A manticore (D:8)
  A hornet (D:8)
  The ghost of Soeti the Insei, an amateur DsMo of Uskayaw (D:5)
  A meliai zombie (D:8)
  Prince Ribbit (D:5)
  A wyvern (D:8)
  A yak (D:7)
  Sigmund (D:6)
  A human (D:7)
  3 hogs
  Edmund (D:6)
  2 phantoms
  3 sky beasts
  2 orc warriors
  2 necrophages
  4 slaves (D:6)
  5 ogres
  2 centaurs (D:5)
  Blork the orc (D:6)
  A big kobold (D:7)
  7 bullfrogs
  4 scorpions
  2 water moccasin skeletons
  3 wights (D:6)
  2 bullfrog zombies
  3 hounds
  2 orc priests
  A bullfrog skeleton (D:4)
  A jelly (D:8)
  A gnoll shaman (D:3)
  3 iguanas
  4 orc wizards
  8 worker ants
  A hound skeleton (D:6)
  A worker ant zombie (D:8)
  6 gnolls
  16 adders
  A shadow imp (D:6)
  An ooze (D:2)
  An adder skeleton (D:8)
  3 worms
  2 dart slugs
  2 leopard geckos (D:1)
  22 orcs
  A ball python (D:2)
  8 giant cockroaches
  7 goblins
  4 hobgoblins
  24 jackals
  5 quokkas
  10 bats
  2 frilled lizards
  10 kobolds
  A leopard gecko zombie (D:5)
  A quokka zombie (D:2)
  7 rats
213 creatures vanquished.

Notes
Turn   | Place    | Note
-------+----------+-------------------------------------------
     0 | D:1      | Borgoz the Ghoul Gladiator began the quest for the Orb.
     0 | D:1      | Reached XP level 1. HP: 17/17 MP: 0/0
    80 | D:1      | Reached XP level 2. HP: 25/25 MP: 1/1
   237 | D:1      | Reached XP level 3. HP: 30/30 MP: 2/2
   601 | D:2      | Reached skill level 1 in Armour
   601 | D:2      | Reached skill level 1 in Spellcasting
   677 | D:2      | Reached XP level 4. HP: 32/37 MP: 4/4
  1201 | D:3      | Reached XP level 5. HP: 45/45 MP: 6/6
  1228 | D:3      | Noticed a sky beast
  1253 | D:3      | Killed a sky beast
  1374 | D:3      | Reached XP level 6. HP: 49/51 MP: 7/7
  2081 | D:4      | Found a glowing golden altar of the Shining One.
  2172 | D:4      | Noticed a phantom
  2216 | D:5      | Entered Level 5 of the Dungeon
  2454 | D:4      | Killed a phantom
  2454 | D:4      | Reached XP level 7. HP: 47/58 MP: 9/9
  2836 | D:4      | Found a staircase to the Ecumenical Temple.
  2852 | D:4      | Reached skill level 5 in Unarmed Combat
  2858 | Temple   | Entered the Ecumenical Temple
  2958 | Temple   | Became a worshipper of Warmaster Okawaru
  3444 | D:5      | Found a shadowy altar of Dithmenos.
  3510 | D:5      | Found a runed door.
  3676 | D:5      | Reached XP level 8. HP: 36/67 MP: 5/11
  3759 | D:5      | Noticed Prince Ribbit
  4118 | D:5      | Killed Prince Ribbit
  4118 | D:5      | Reached * piety under Okawaru
  4118 | D:5      | Reached skill level 5 in Fighting
  4217 | D:5      | Got a spiked leather armour
  4240 | D:5      | Identified the +2 leather armour of a Thousand Ghosts
                  | {*Contam rF+ rN++ rCorr} (You found it on level 5 of the
                  | Dungeon)
  4427 | D:5      | Found a runed door.
  4433 | D:5      | Noticed Soeti's ghost (amateur DsMo)
  4573 | D:5      | Killed Soeti's ghost
  4573 | D:5      | Reached skill level 5 in Dodging
  4729 | D:6      | Noticed Sigmund
  4749 | D:6      | Killed Sigmund
  4749 | D:6      | Reached XP level 9. HP: 56/75 MP: 10/14
  4755 | D:6      | Noticed Pikel
  4766 | D:6      | Killed Pikel
  4766 | D:6      | Reached ** piety under Okawaru
  4974 | D:7      | Reached skill level 5 in Armour
  5110 | D:7      | HP: 3/78 [hog (8)]
  5346 | D:6      | Reached *** piety under Okawaru
  5346 | D:6      | Reached XP level 10. HP: 70/86 MP: 14/16
  5365 | D:6      | Reached skill level 5 in Spellcasting
  5387 | D:6      | Found Edaedadue's Antique Weapon Boutique.
  5424 | D:6      | Noticed Edmund
  5435 | D:6      | Killed Edmund
  5503 | D:6      | Noticed Blork the orc
  5520 | D:6      | Killed Blork the orc
  6256 | D:7      | Reached **** piety under Okawaru
  6759 | D:8      | Noticed a two-headed ogre
  7631 | D:8      | Found a shadowy altar of Dithmenos.
  7632 | D:8      | Found a shattered altar of Ashenzari.
  7633 | D:8      | Found a bloodstained altar of Trog.
  7704 | D:8      | Noticed a manticore
  7720 | D:8      | Killed a manticore
  7744 | D:8      | Noticed a great orb of eyes
  7747 | D:8      | Paralysed by a great orb of eyes for 6 turns
  7801 | D:8      | Paralysed by a great orb of eyes for 5 turns
  7809 | D:8      | HP: 2/88 [great orb of eyes (13)]
  7813 | D:8      | Mangled by a great orb of eyes

Vault maps used:
D:1:      dpeg_arrival_erosion
D:2:      first_ration
D:4:      lemuel_coloured_pillars_altar, minmay_temple_entry_junction_2
D:5:      ebering_ghost_sewer_f, nicolae_dithmenos_through_a_glass_darkly,
          uniq_prince_ribbit1
D:6:      serial_corexii_hall, corexii_hall_statues_l, corexii_hall_statues_i,
          serial_shops, nicolae_shop_crystal, uniq_edmund, uniq_pikel,
          uniq_blork_the_orc, uniq_sigmund
D:7:      grunt_livestock
D:8:      chequers_temple_overflow_statue_of_worship, minmay_three_doors
Temple:   jpeg_temple_clearing

Skill      XL: |  1  2  3  4  5  6  7  8  9 10 |
---------------+-------------------------------+-----
Armour         | 1 2 3 4 5 6 |  6.4
Dodging        | 3 4 5 6 7 |  7.1
Spellcasting   | 1 2 3 4 5 |  5.9
Fighting       | 3 4 5 7 8 |  8.2
Unarmed Combat | 4 5 6 7 8 |  8.6
Throwing       | |  1.7

Action                   |  1- 3 |  4- 6 |  7- 9 | 10-12 || total
-------------------------+-------+-------+-------+-------++-------
Melee: Unarmed           |    95 |   218 |   450 |   283 ||  1046
       Punch             |     1 |     2 |    11 |    13 ||    27
Invok: Heroism           |       |       |     4 |     3 ||     7
  Use: Potion            |       |     1 |     4 |     2 ||     7
       Scroll            |       |       |     4 |     4 ||     8
  Eat: Chunk             |    12 |    15 |    46 |    42 ||   115
Armor: Ring mail         |    62 |    69 |   124 |    73 ||   328
Dodge: Dodged            |    97 |   129 |   273 |   198 ||   697

Table legend:
 A = Non-vault XP
 B = Vault XP
 C = Vault XP percentage of total XP
 D = Non-vault monster count
 E = Vault monster count
 F = Vault count percentage of total count
                 A         B        C        D         E       F
            +---------+---------+-------+---------+---------+-------
      Total |    5285 |    3517 |  40.0 |     193 |      16 |   7.7
            +---------+---------+-------+---------+---------+-------
        D:1 |      40 |       0 |   0.0 |      22 |       0 |   0.0
        D:2 |      96 |       0 |   0.0 |      24 |       0 |   0.0
        D:3 |     271 |       0 |   0.0 |      19 |       0 |   0.0
        D:4 |     597 |       0 |   0.0 |      26 |       0 |   0.0
        D:5 |     600 |     545 |  47.6 |      20 |       5 |  20.0
        D:6 |     937 |    1339 |  58.8 |      22 |       5 |  18.5
        D:7 |    1137 |     808 |  41.5 |      36 |       4 |  10.0
        D:8 |    1607 |     825 |  33.9 |      24 |       2 |   7.7
            +---------+---------+-------+---------+---------+-------
